 Dungeon Crawl Stone Soup version 0.31-a0-507-gbafd7f5274 (webtiles) character file.

Game seed: 8247090788552922469

324 randomguy2701 the Grave Robber (level 6, -3/29 (32) HPs)
             Began as a Deep Elf Necromancer on Aug 9, 2023.
             Slain by a wight
             ... wielding a +1 scimitar
              (7 damage)
             ... on level 4 of the Dungeon.
             The game lasted 00:05:51 (4238 turns).

randomguy2701 the Grave Robber (DENe)               Turns: 4238, Time: 00:05:53

HP:   -3/29 (32)    AC:  3    Str:  5    XL:     6   Next: 23%
MP:   2/17          EV: 13    Int: 22    God:
Gold: 124           SH:  0    Dex: 15    Spells: 12/17 levels left

rFire   . . .        (no weapon)
rCold   . . .        (no shield)
rNeg    . . .        a - +0 robe
rPois   .            (no helmet)
rElec   .            (no cloak)
rCorr   .            j - +0 pair of gloves
SInv    .            (no boots)
Will    .....        (no amulet)
Stlth   ++           (no ring)
HPRegen 0.24/turn    (no ring)
MPRegen 0.15/turn

%: no passive effects
@: very slightly contaminated, drained
A: no striking features
a: no special abilities


You were on level 4 of the Dungeon.
You visited 1 branch of the dungeon, and saw 4 of its levels.

You collected 124 gold pieces.

Inventory:

Armour
 a - a +0 robe (worn)
 j - a +0 pair of gloves (worn)
Wands
 i - a wand of iceblast (7)
Scrolls
 c - 5 scrolls of identify {unknown}
 e - 3 scrolls of teleportation {unknown}
 f - a scroll of blinking {unknown}
Potions
 b - 2 potions of magic
 d - 2 potions of curing {unknown}
 g - a potion of lignification {unknown}
 h - 3 potions of mutation {unknown}


   Skills:
 + Level 2.7 Dodging
 + Level 2.8 Stealth
 + Level 6.4 Spellcasting
 + Level 0.1 Conjurations
 + Level 7.1 Necromancy


You had 12 spell levels left.
You knew the following spells:

 Your Spells              Type           Power      Damage    Failure   Level
a - Necrotise             Necr           100%       1d9       1%          1
b - Vampiric Draining     Necr           38%        2d8       1%          3
c - Magic Dart            Conj           28%        1d4       9%          1

Your spell library contained the following spells:

 Spells                   Type           Power      Damage    Failure   Level
 Animate Dead             Necr           38%        N/A       4%          4
 Call Imp                 Summ           14%        N/A       13%         2
 Agony                    Necr           38%        N/A       13%         5
 Mephitic Cloud           Conj/Pois/Air  7%         N/A       26%         3


Dungeon Overview and Level Annotations

Branches:
Dungeon (4/15)
 Temple: D:4-7

Altars:
Dithmenos
Makhleb
Trog
Vehumet

Shops:
D:1 [


Message History

Confirm with . or Enter, or press ? or * to list all spells.
Aiming: Magic Dart (safe; 9% risk of failure)
Press: ? - help, Shift-Dir - straight line, f/p - wight
Aim: a wight, wielding a +1 scimitar and wearing a +0 robe (heavily damaged, 100% to hit)
The magic dart hits the wight but does no damage.
The wight is heavily damaged.
The wight barely misses you.
Your magical contamination has completely faded away.
Casting: Magic Dart (safe; 9% risk of failure)
Confirm with . or Enter, or press ? or * to list all spells.
Aiming: Magic Dart (safe; 9% risk of failure)
Press: ? - help, Shift-Dir - straight line, f/p - wight
Aim: a wight, wielding a +1 scimitar and wearing a +0 robe (heavily damaged, 100% to hit)
The magic dart hits the wight.
The wight is heavily damaged.
The wight misses you.
Casting: Magic Dart (safe; 9% risk of failure)
Confirm with . or Enter, or press ? or * to list all spells.
Aiming: Magic Dart (safe; 9% risk of failure)
Press: ? - help, Shift-Dir - straight line, f/p - wight
Aim: a wight, wielding a +1 scimitar and wearing a +0 robe (heavily damaged, 100% to hit)
The magic dart hits the wight but does no damage.
The wight is heavily damaged.
The wight closely misses you.
Casting: Magic Dart (safe; 9% risk of failure)
Confirm with . or Enter, or press ? or * to list all spells.
Aiming: Magic Dart (safe; 9% risk of failure)
Press: ? - help, Shift-Dir - straight line, f/p - wight
Aim: a wight, wielding a +1 scimitar and wearing a +0 robe (heavily damaged, 100% to hit)
You miscast Magic Dart.
You are very lightly contaminated with residual magic.
Nothing appears to happen.
The wight closely misses you.
Casting: Magic Dart (safe; 9% risk of failure)
Confirm with . or Enter, or press ? or * to list all spells.
Aiming: Magic Dart (safe; 9% risk of failure)
Press: ? - help, Shift-Dir - straight line, f/p - wight
Aim: a wight, wielding a +1 scimitar and wearing a +0 robe (heavily damaged, 100% to hit)
You miscast Magic Dart.
Nothing appears to happen.
The wight hits you with a +1 scimitar!
You die...

####### #.#.#.#
#############'#'#'#+#+#+
...........'....@.......
.############'#'#z#+#+#+
.# #.#.#.# .# ####### .#
.# .# .# .# #########.


You could see a wight.

Vanquished Creatures
  2 scorpions (D:4)
  A sleepcap (D:4)
  2 hound zombies (D:4)
  3 adders
  3 adder zombies (D:4)
  A worm (D:3)
  3 dart slugs
  7 orcs
  4 endoplasms
  4 giant cockroaches
  4 goblins
  10 hobgoblins
  13 jackals
  2 quokkas
  8 ball pythons
  3 bats
  4 frilled lizards
  4 kobolds
  6 rats
84 creatures vanquished.

Vanquished Creatures (collateral kills)
  A dart slug (D:1)
  2 endoplasms (D:1)
  A bat (D:3)
  A frilled lizard (D:2)
  A rat (D:1)
6 creatures vanquished.

Grand Total: 90 creatures vanquished

Notes
Turn   | Place    | Note
-------+----------+-------------------------------------------
     0 | D:1      | randomguy2701 the Deep Elf Necromancer began the quest for
                  | the Orb.
     0 | D:1      | Reached XP level 1. HP: 10/10 MP: 6/6
    20 | D:1      | Reached skill level 5 in Necromancy
    46 | D:1      | Reached XP level 2. HP: 15/15 MP: 0/8
   599 | D:1      | Reached XP level 3. HP: 4/19 MP: 0/10
   807 | D:1      | Found Vapniuxo's Armour Shoppe.
  1591 | D:2      | Reached XP level 4. HP: 24/24 MP: 9/12
  1711 | D:2      | Found a burning altar of Makhleb.
  1940 | D:2      | Reached skill level 6 in Necromancy
  2709 | D:3      | Learned a level 3 spell: Vampiric Draining
  2905 | D:3      | Reached skill level 5 in Spellcasting
  3705 | D:4      | Reached XP level 5. HP: 25/28 MP: 7/14
  3788 | D:4      | Found a radiant altar of Vehumet.
  3794 | D:4      | Found a bloodstained altar of Trog.
  3795 | D:4      | Found a shadowy altar of Dithmenos.
  3862 | D:4      | Reached XP level 6. HP: 31/32 MP: 11/17
  3928 | D:4      | Learned a level 1 spell: Magic Dart
  3938 | D:4      | Reached skill level 7 in Necromancy
  4238 | D:4      | Slain by a wight

Illustrated notes

Levels and vault maps discovered:
D:1:      nicolae_arrival_somewhat_less_tricky_arrival, layout_basic,
          serial_shops, shop_fountains
D:2:      layout_basic, basic_altar
D:3:      minmay_general_purpose_star, layout_basic
D:4:      layout_loops_ring, mainiacjoe_overflow_boulevard,
          lemuel_mausoleum_altar_kikubaaqudgha, grunt_temple_overflow_open

Skill      XL: |  1  2  3  4  5  6 |
---------------+-------------------+-----
Necromancy     | 5 6 7 |  7.1
Spellcasting   | 4 5 6 |  6.4
Dodging        | |  2.7
Stealth        | |  2.8
Conjurations   | |  0.1

Action                     |  1- 3 |  4- 6 || total
---------------------------+-------+-------++-------
  Melee: Unarmed           |    15 |     6 ||    21
   Cast: Necrotise         |    70 |    73 ||   143
         Magic Dart        |       |    55 ||    55
 Armour: Robe              |     4 |    11 ||    15
  Dodge: Dodged            |    30 |    55 ||    85

Table legend: (Time is in decaauts)
 A = Elapsed time spent in this place.
 B = Non-inter-level travel time spent in this place.
 C = Inter-level travel time spent in this place.
 D = Time resting spent in this place.
 E = Time spent auto-exploring this place.
 F = Levels seen in this place.
 G = Mean time per level.
                   A        B        C        D        E       F      G
               +--------+--------+--------+--------+--------+-----+--------+
         Total |   4237 |   4004 |    233 |      0 |   3526 |   4 | 1059.2 |
       Dungeon |   4237 |   4004 |    233 |      0 |   3526 |   4 | 1059.2 |
               +--------+--------+--------+--------+--------+-----+--------+

Top non-repeatable levels by time:
     D:3: 1519 daAuts
     D:2: 1190 daAuts
     D:1: 953 daAuts
     D:4: 574 daAuts
